Map: Vigía EE

Players

TATORREA

  • Race: Protoss Protoss
  • League: Silver
  • Spawn Location: 5:00

MrFercho

  • Race: Zerg Zerg
  • League: Silver
  • Spawn Location: 6:00

tigro

  • Race: Terran Terran
  • League: Bronze
  • Spawn Location: 5:00

Jenclode

  • Race: Zerg Zerg
  • League: Platinum
  • Spawn Location: 9:00

LuTinV

  • Race: Zerg Zerg
  • Spawn Location: 9:00

Massacrex

  • Race: Protoss Protoss
  • League: Gold
  • Spawn Location: 12:00

VOD

Have the link to the VOD?

Description

Time

  • Played on: May 25, 2020, 9:01 p.m.
  • Length: 14:35
Show
View Real Time Build Order
Export as new Build Order

TATORREA Protoss 

Build Orders:  

Get SALT Encoding   

  12  0:01  Probe  
  13  0:19  Probe  
  14  0:28  Pylon  
  14  0:31  Probe  
  15  0:46  Probe  
  16  0:58  Probe  
  17  1:05  Gateway  
  17  1:10  Probe  
  18  1:17  Assimilator  
  18  1:22  Probe  
  19  1:34  Probe  
  19  1:38  Pylon  
  20  1:46  Probe  
  21  1:50  Nexus  
  21  1:59  Probe  
  22  2:04  Assimilator  
  22  2:09  Cybernetics Core, Zealot  
  24  2:31  Probe  
  25  2:42  Pylon  
  25  2:44  Probe  
  25  2:45  Pylon  
  25  2:46  Stalker  
  25  2:48  Pylon  
  25  2:49  Warp Gate  
  28  2:58  Probe  
  29  3:02  Probe  
  30  3:16  Gateway, Probe  
  30  3:17  Gateway  
  30  3:19  Probe  
  32  3:29  Probe  
  33  3:36  Probe, Stargate  
  34  3:45  Stalker  
  34  3:47  Probe  
  37  3:56  Probe  
  37  4:00  Probe  
  39  4:05  Stargate  
  39  4:08  Probe  
  39  4:09  Twilight Council  
  40  4:13  Forge  
  40  4:14  Probe  
  41  4:20  Probe  
  41  4:23  Sentry  
  44  4:29  Probe  
  45  4:35  Probe  
  46  4:41  Assimilator  
  46  4:43  Probe  
  46  4:45  Assimilator, Protoss Ground Weapons Level 1 (Chrono Boost)  
  47  4:47  Probe  
  48  4:55  Probe  
  48  4:57  Stalker x2  
  53  5:01  Stalker  
  53  5:03  Probe  
  56  5:07  Probe  
  57  5:15  Probe  
  58  5:23  Void Ray  
  48  5:55  Stalker  
  48  5:56  Stalker x2  
  54  6:00  Void Ray  
  58  6:12  Charge  
  58  6:16  Void Ray  
  62  6:21  Protoss Air Weapons Level 1  
  62  6:36  Probe x2, Nexus  
  64  6:43  Zealot x3  
  70  6:52  Pylon  
  70  6:55  Pylon  
  70  6:58  Pylon  
  70  7:03  Pylon  
  70  7:05  Pylon  
  70  7:10  Probe x2  
  70  7:11  Stalker  
  70  7:12  Stalker  
  70  7:14  Pylon, Zealot  
  78  7:19  Void Ray  
  78  7:22  Pylon, Probe x2  
  84  7:25  Gateway  
  84  7:26  Void Ray  
  84  7:27  Gateway  
  84  7:29  Gateway  
  88  7:34  Probe  
  89  7:38  Protoss Ground Weapons Level 2  
  89  7:48  Fleet Beacon  
  89  7:51  Robotics Facility  
  59  8:35  Stalker x3  
  59  8:36  Stalker x2  
  59  8:37  Stalker  
  59  8:41  Void Ray x2  
  79  8:44  Unknown  
  79  8:54  Probe x2  
  79  8:55  Probe  
  82  9:06  Probe  
  82  9:07  Assimilator, Probe x2  
  85  9:11  Assimilator  
  85  9:18  Probe  
  85  9:19  Probe x2  
  88  9:30  Probe  
  88  9:31  Probe x2  
  90  9:38  Carrier  
  97  9:39  Void Ray  
  97  9:43  Probe x2  
  103  9:50  Stalker x4  
  103  9:51  Stalker, Nexus  
  103  9:52  Stalker  
  115  10:04  Protoss Air Weapons Level 2  
  115  10:21  Stalker x3  
  115  10:22  Stalker x3  
  127  10:30  Robotics Bay  
  127  10:35  Gateway  
  127  10:37  Immortal, Stargate  
  131  10:43  Void Ray  
  123  10:50  Zealot  
  123  10:51  Zealot x3  
  123  10:52  Zealot x2  
  97  12:02  Void Ray x2  
  105  12:28  Stalker x4  
  105  12:29  Stalker x3  
  119  12:45  Carrier x2  
  119  12:46  Nexus  
  77  13:09  Stalker x4  
  77  13:10  Stalker x3  
  91  13:18  Void Ray  
  91  13:19  Colossus  
  96  13:39  Stalker x2  
  96  13:40  Stalker x2  
  101  13:41  Stalker x2  
  90  13:49  Void Ray  
Show
View Real Time Build Order
Export as new Build Order

MrFercho Zerg 

Build Orders: Pool First 

Get SALT Encoding   

  12  0:01  Drone  
  13  0:13  Overlord  
  13  0:20  Extractor, Drone  
  13  0:25  Drone  
  14  0:33  Drone  
  15  0:38  Drone  
  16  0:47  Overlord  
  17  0:57  Drone  
  17  1:07  Spawning Pool  
  17  1:09  Drone  
  17  1:21  Drone  
  17  1:22  Evolution Chamber  
  17  1:29  Extractor, Drone  
  17  1:42  Drone  
  18  1:54  Metabolic Boost  
  18  2:00  Drone  
  19  2:02  Queen  
  19  2:07  Overlord  
  21  2:16  Drone  
  22  2:25  Zergling x2  
  23  2:36  Drone  
  24  2:53  Hatchery  
  23  2:59  Zergling x4  
  25  3:13  Drone x4  
  25  3:18  Zerg Ground Armor Level 1  
  29  3:24  Lair  
  29  3:41  Extractor  
  29  3:48  Baneling Nest  
  27  3:50  Drone x3  
  30  4:08  Zergling x4  
  30  4:09  Zergling x2  
  33  4:30  Zergling x4  
  35  4:39  Drone  
  35  4:40  Drone x2  
  38  4:45  Drone x2  
  38  4:46  Drone  
  38  4:52  Centrifical Hooks  
  41  4:58  Queen  
  43  5:15  Baneling x2  
  43  5:16  Baneling x14  
  43  5:41  Zergling x2  
  36  6:33  Hydralisk Den  
  36  6:34  Zerg Missile Weapons Level 1  
  35  6:43  Zergling x16  
  43  7:01  Hatchery  
  42  7:03  Hatchery  
  41  7:14  Zergling x2  
  41  7:15  Zergling x4  
  44  7:17  Overlord x2  
  44  7:18  Overlord x3  
  44  7:29  Evolution Chamber  
  35  8:28  Zerg Ground Armor Level 2  
  35  8:29  Hydralisk x6  
  43  8:50  Drone x5  
  43  8:51  Drone  
  49  8:58  Extractor  
  48  9:06  Grooved Spines  
  48  9:09  Zerg Missile Weapons Level 2  
  48  9:17  Hydralisk x12  
  72  9:26  Queen  
  74  9:47  Drone x2  
  74  9:48  Drone x6  
  82  10:12  Overlord x4  
  82  10:13  Overlord  
  82  10:17  Muscular Augments  
  82  10:20  Burrow  
  82  10:30  Infestation Pit  
  79  11:10  Hydralisk  
  79  11:11  Hydralisk x11  
  73  11:19  Spine Crawler  
  73  11:22  Spine Crawler  
  71  11:55  Hive  
  71  12:02  Hydralisk x5  
  71  12:03  Hydralisk x9  
  48  13:17  Zergling x2  
  48  13:18  Zergling x30  
Show
View Real Time Build Order
Export as new Build Order

tigro Terran 

Build Orders:  

Get SALT Encoding   

  12  0:03  SCV  
  13  0:15  SCV  
  14  0:23  Supply Depot  
  14  0:29  SCV  
  15  0:38  Refinery  
  15  0:45  SCV  
  16  0:54  Barracks  
  16  0:57  SCV  
  17  1:09  SCV  
  18  1:12  Supply Depot  
  18  1:16  Refinery  
  18  1:21  SCV  
  19  1:33  SCV  
  20  1:43  Marine  
  20  1:45  SCV  
  22  2:00  Barracks  
  22  2:01  Marine  
  23  2:08  SCV  
  24  2:19  Marine, Engineering Bay  
  24  2:20  SCV  
  26  2:32  SCV  
  26  2:37  Marine  
  28  2:50  Barracks Tech Lab  
  28  2:54  Marine  
  29  3:11  Combat Shield  
  29  3:12  Factory  
  29  3:14  Barracks Tech Lab  
  29  3:16  Marine  
  30  3:20  Orbital Command  
  30  3:34  Marine  
  30  3:36  Concussive Shells  
  31  4:01  Marine  
  31  4:02  Marauder  
  34  4:11  Factory Tech Lab  
  34  4:16  Command Center  
  34  4:19  Marine  
  35  4:25  Armory  
  35  4:30  Stimpack  
  35  4:31  Siege Tank  
  35  4:37  Marine  
  39  4:39  Terran Infantry Weapons Level 1  
  39  4:54  Marine  
  40  5:11  Marine  
  40  5:13  Siege Tank  
  44  5:16  Starport  
  44  5:22  Smart Servos  
  30  6:21  Marauder  
  30  6:24  Marauder  
  34  6:27  Medivac  
  36  6:36  Fusion Core  
  36  6:40  Hi-Sec Auto Tracking  
  36  6:42  Marauder  
  36  6:45  Marauder  
  40  6:55  Missile Turret  
  40  7:03  Marauder  
  40  7:06  Marauder  
  40  7:07  Starport Tech Lab  
  44  7:20  Refinery  
  44  7:25  Marauder, Refinery  
  44  7:28  Marauder  
  48  7:38  Weapon Refit  
  48  7:46  Marauder  
  48  7:49  Marauder  
  52  8:07  Marine  
  52  8:10  Marine  
  51  8:25  Marine  
  39  8:28  Marine  
  36  8:43  Marine  
  36  8:46  Marine  
  34  9:00  Marine  
  31  9:03  Marine  
  32  9:13  Battlecruiser  
  38  9:18  Marine, SCV  
  38  9:21  Marine  
  41  9:25  Terran Infantry Weapons Level 2  
  41  9:30  SCV  
  42  9:40  Siege Tank  
  42  9:42  SCV  
  46  9:54  SCV  
  47  10:06  SCV  
  48  10:12  Thor  
  54  10:18  Medivac, SCV  
  57  10:47  Banshee  
  60  11:09  Missile Turret  
  46  11:30  Viking  
  41  11:34  Missile Turret  
  35  11:41  Terran Infantry Armor Level 1  
  35  12:01  Battlecruiser  
  35  12:04  Marine  
  35  12:06  Missile Turret  
  35  12:07  Marine  
  43  12:22  Marine  
  43  12:25  Marine  
  43  12:28  Missile Turret  
  45  12:40  Marine  
  45  12:43  Marine  
  47  12:58  Marine  
  42  13:01  Marine  
  42  13:05  Medivac  
  44  13:13  Siege Tank  
  44  13:16  Marine  
  44  13:18  Marine  
  49  13:34  Marine  
  50  13:36  Marine  
  57  13:54  Marine  
Show
View Real Time Build Order
Export as new Build Order

Jenclode Zerg 

Build Orders: Hatch First 

Get SALT Encoding   

  12  0:01  Drone  
  13  0:14  Overlord  
  13  0:18  Drone  
  14  0:40  Drone x3  
  17  0:55  Hatchery  
  16  1:14  Extractor, Drone x3  
  18  1:22  Spawning Pool  
  17  1:26  Drone  
  18  1:37  Drone  
  19  2:00  Overlord, Drone  
  20  2:09  Queen  
  20  2:10  Queen  
  25  2:15  Zergling x4  
  25  2:20  Drone  
  25  2:21  Drone  
  28  2:23  Metabolic Boost  
  28  2:34  Zergling x2  
  28  2:35  Drone  
  30  2:46  Hatchery  
  30  2:50  Zergling x2, Drone  
  31  3:08  Zergling x4, Drone x2  
  31  3:12  Overlord  
  35  3:19  Lair  
  35  3:24  Overlord  
  35  3:29  Zergling x2  
  36  3:40  Drone  
  37  3:41  Zergling x2  
  37  3:42  Drone  
  39  3:52  Zergling x4  
  41  4:01  Zergling x4, Drone  
  44  4:06  Extractor  
  43  4:10  Extractor x2  
  43  4:11  Zergling x6, Drone x2  
  43  4:12  Zergling x2, Drone  
  43  4:16  Queen  
  50  4:17  Drone  
  51  4:36  Drone x5  
  56  4:40  Overlord x2  
  56  4:49  Infestation Pit  
  55  4:56  Evolution Chamber  
  55  4:59  Drone x2  
  56  5:06  Zergling x4, Drone  
  59  5:17  Drone  
  59  5:18  Zergling x4, Drone x2  
  64  5:28  Hydralisk Den  
  63  5:44  Zergling x8  
  63  5:45  Zergling x12  
  46  6:25  Zergling x6, Hydralisk x3, Drone x3  
  51  6:30  Muscular Augments  
  58  6:33  Hive  
  58  6:34  Zerg Ground Armor Level 1  
  58  6:42  Drone  
  58  6:43  Drone x2  
  61  6:49  Extractor  
  61  6:51  Extractor  
  61  6:52  Drone  
  61  6:53  Drone x2  
  62  7:08  Hatchery  
  61  7:21  Hydralisk  
  61  7:22  Hydralisk x5  
  67  7:24  Zergling x2  
  74  7:41  Grooved Spines  
  74  7:43  Overlord x4  
  74  7:48  Pathogen Glands  
  74  7:52  Adrenal Glands  
  67  8:25  Zergling x6, Hydralisk x5  
  67  8:26  Zergling x6  
  79  8:27  Zergling x2  
  80  8:37  Zergling x6, Hydralisk  
  85  8:48  Overseer  
  85  8:49  Overseer  
  85  8:55  Drone x6  
  91  8:56  Drone  
  91  9:02  Queen  
  94  9:12  Hydralisk x2  
  94  9:13  Zergling x2  
  94  9:16  Overlord  
  99  9:27  Ultralisk Cavern  
  98  9:33  Spire  
  98  9:37  Drone x4  
  98  9:38  Drone  
  102  9:59  Drone  
  104  10:00  Drone x8  
  104  10:01  Drone x4  
  115  10:22  Overlord x5  
  115  10:26  Pneumatized Carapace  
  115  10:29  Zerg Ground Armor Level 2  
  115  10:31  Neural Parasite  
  115  11:01  Zergling x2, Hydralisk x5  
  115  11:02  Zergling x12, Hydralisk x5  
  136  11:07  Ultralisk  
  140  11:31  Hydralisk  
  140  11:32  Zergling x8, Hydralisk x3  
  148  11:33  Zergling x4  
  154  11:42  Ultralisk  
  154  11:43  Overlord x4  
  160  11:51  Greater Spire  
  160  11:53  Chitinous Plating  
  160  12:01  Extractor x2  
  158  12:32  Ultralisk x4  
  158  12:33  Ultralisk  
  176  13:12  Anabolic Synthesis  
  157  13:14  Hydralisk  
  157  13:15  Zergling x8, Corruptor, Infestor x3  
  157  13:16  Infestor x3, Zergling x8  
  157  13:17  Ultralisk, Zergling x4  
  188  13:51  Corruptor x2  
  188  13:54  Overlord x4  
  191  14:08  Overlord x3  
Show
View Real Time Build Order
Export as new Build Order

LuTinV Zerg 

Build Orders: Hatch First 

Get SALT Encoding   

  12  0:03  Drone  
  13  0:16  Drone  
  14  0:36  Hatchery  
  13  0:43  Drone  
  14  0:52  Overlord  
  14  1:05  Spawning Pool  
  14  1:07  Drone  
  14  1:21  Drone x3  
  17  1:39  Overlord  
  17  1:49  Extractor, Drone  
  17  1:54  Queen, Drone  
  18  1:57  Overlord  
  20  2:03  Queen  
  22  2:16  Zergling x6  
  22  2:20  Spine Crawler  
  24  2:26  Drone x2  
  26  2:36  Extractor  
  25  2:37  Drone  
  26  2:45  Queen  
  26  2:50  Drone  
  26  2:51  Drone  
  30  3:10  Lair  
  30  3:12  Drone x3  
  33  3:32  Drone x2  
  33  3:33  Drone x3  
  38  3:51  Zergling x6  
  38  3:52  Zergling x2  
  38  3:53  Overlord  
  42  3:57  Metabolic Boost  
  42  4:03  Evolution Chamber  
  42  4:07  Drone, Evolution Chamber  
  40  4:21  Drone x5  
  45  4:45  Zerg Melee Weapons Level 1  
  45  4:46  Zerg Missile Weapons Level 1  
  45  4:58  Drone x2  
  45  4:59  Hatchery, Drone x2  
  49  5:00  Drone x3  
  49  5:04  Extractor  
  50  5:07  Extractor  
  49  5:15  Hydralisk Den  
  49  5:18  Drone  
  43  6:19  Hydralisk  
  43  6:20  Hydralisk x6  
  43  6:25  Overlord x5  
  57  6:26  Overlord  
  57  6:28  Grooved Spines  
  57  6:40  Drone  
  57  6:43  Drone x5  
  57  6:44  Drone x3  
  66  7:06  Overlord x5  
  66  7:07  Overlord x5  
  66  7:12  Zerg Melee Weapons Level 2  
  66  7:13  Zerg Missile Weapons Level 2  
  66  7:37  Infestation Pit  
  66  7:39  Muscular Augments  
  65  7:46  Extractor  
  65  7:50  Evolution Chamber  
  63  7:52  Roach Warren  
  63  7:53  Extractor  
  63  7:57  Spore Crawler  
  60  7:58  Spine Crawler  
  60  8:00  Overseer  
  60  8:01  Overseer  
  59  8:09  Hydralisk x6  
  59  8:10  Hydralisk x3  
  77  8:42  Infestor x5  
  77  8:44  Zergling x10  
  92  9:12  Zerg Ground Armor Level 1  
  92  9:14  Hive  
  92  9:21  Drone x4  
  92  9:22  Drone x2  
  92  9:23  Hydralisk x2  
  102  9:35  Neural Parasite  
  102  9:52  Drone x2  
  104  9:53  Drone x4  
  104  9:56  Zergling x6  
  104  9:59  Hydralisk  
  111  10:00  Hydralisk x3  
  119  10:29  Zerg Melee Weapons Level 3  
  119  10:31  Zerg Missile Weapons Level 3  
  119  10:33  Hatchery  
  118  10:41  Adrenal Glands  
  118  10:54  Unknown  
  96  11:35  Hydralisk x3  
  96  11:36  Hydralisk x3  
  96  11:37  Zergling x6  
  111  12:05  Hydralisk x2  
  111  12:06  Hydralisk x4  
  123  12:19  Queen  
  123  12:21  Hydralisk x5  
  123  12:22  Hydralisk x7  
  149  12:34  Hatchery  
  145  13:26  Zergling x20  
  145  13:27  Zergling x4  
Show
View Real Time Build Order
Export as new Build Order

Massacrex Protoss 

Build Orders: Carriers 

Get SALT Encoding   

  12  0:01  Probe  
  13  0:13  Probe  
  14  0:22  Pylon  
  14  0:25  Probe  
  15  0:40  Probe (Chrono Boost)  
  15  0:42  Gateway  
  16  0:52  Probe (Chrono Boost)  
  17  0:59  Probe (Chrono Boost)  
  17  1:02  Forge  
  18  1:06  Probe  
  18  1:11  Assimilator  
  20  1:18  Probe  
  20  1:45  Pylon, Zealot  
  22  1:51  Cybernetics Core  
  22  1:54  Pylon  
  22  1:57  Probe  
  23  2:06  Photon Cannon  
  23  2:18  Pylon  
  23  2:31  Warp Gate (Chrono Boost)  
  23  2:40  Assimilator  
  23  2:41  Probe  
  24  2:53  Probe  
  24  2:57  Nexus  
  25  3:01  Pylon  
  25  3:13  Assimilator  
  25  3:18  Assimilator  
  25  3:34  Photon Cannon  
  25  3:49  Photon Cannon  
  25  3:51  Probe  
  26  4:03  Probe  
  27  4:14  Stargate  
  27  4:15  Probe  
  27  4:16  Stargate  
  28  4:17  Probe  
  28  4:19  Stargate  
  29  4:29  Probe (Chrono Boost)  
  30  4:35  Probe (Chrono Boost)  
  32  4:40  Probe (Chrono Boost)  
  32  4:44  Probe (Chrono Boost)  
  33  4:46  Probe (Chrono Boost)  
  33  4:49  Probe (Chrono Boost)  
  35  4:58  Probe (Chrono Boost)  
  37  5:00  Probe (Chrono Boost)  
  37  5:04  Void Ray  
  37  5:07  Void Ray, Probe (Chrono Boost)  
  43  5:08  Probe (Chrono Boost)  
  43  5:11  Probe (Chrono Boost)  
  48  5:18  Void Ray  
  52  5:22  Probe  
  53  5:34  Probe  
  54  5:46  Probe  
  54  5:47  Void Ray  
  59  5:53  Fleet Beacon  
  59  6:01  Void Ray  
  63  6:06  Probe (Chrono Boost)  
  64  6:16  Probe (Chrono Boost)  
  61  6:21  Probe (Chrono Boost)  
  63  6:33  Probe (Chrono Boost)  
  63  6:40  Probe (Chrono Boost)  
  63  6:43  Tempest  
  69  6:47  Probe  
  69  6:52  Pylon  
  69  6:53  Pylon  
  70  6:59  Pylon  
  70  7:02  Pylon  
  70  7:05  Pylon  
  70  7:09  Tempest  
  70  7:10  Pylon  
  70  7:12  Tempest  
  80  7:25  Tempest  
  85  7:34  Protoss Shields Level 1  
  85  7:37  Protoss Air Weapons Level 1 (Chrono Boost)  
  85  7:58  Carrier  
  61  8:36  Probe  
  62  8:48  Probe  
  63  9:00  Probe  
  64  9:10  Pylon  
  64  9:11  Pylon  
  64  9:12  Probe  
  64  9:14  Pylon  
  64  9:16  Pylon  
  65  9:24  Probe  
  66  9:34  Photon Cannon  
  66  9:35  Photon Cannon, Nexus  
  66  9:38  Photon Cannon  
  66  9:39  Photon Cannon  
  66  9:40  Probe (Chrono Boost)  
  66  9:41  Photon Cannon  
  67  9:50  Probe (Chrono Boost)  
  68  9:55  Probe (Chrono Boost)  
  69  10:06  Twilight Council, Probe  
  68  10:18  Probe  
  69  10:28  Pylon  
  69  10:30  Pylon  
  69  10:38  Carrier  
  69  10:41  Tempest  
  76  11:14  Probe (Chrono Boost)  
  76  11:16  Probe (Chrono Boost)  
  80  11:26  Probe (Chrono Boost)  
  80  11:28  Probe (Chrono Boost)  
  80  11:30  Carrier  
  80  11:31  Probe (Chrono Boost)  
  76  11:36  Probe  
  74  11:42  Probe  
  65  11:48  Probe  
  66  11:54  Probe  
  66  12:00  Probe (Chrono Boost)  
  68  12:06  Photon Cannon x2  
  68  12:08  Photon Cannon  
  68  12:10  Photon Cannon  
  68  12:12  Probe (Chrono Boost)  
  68  12:14  Probe (Chrono Boost)  
  70  12:21  Probe (Chrono Boost)  
  70  12:22  Probe (Chrono Boost)  
  72  12:24  Tempest  
  72  12:27  Probe (Chrono Boost)  
  78  12:35  Carrier  
  84  12:52  Robotics Facility  
  84  13:04  Carrier  
  90  13:08  Carrier  
Tags
 
Add a new tag
Caveats
  • Supply blocks, unpowered buildings, or Contaminate may cause inaccurate times.
  • Supply counts are checked every 10 seconds.